 Dungeon Crawl Stone Soup version 0.23.2 (webtiles) character file.

Game seed: 4747283029562290255

268 Kairos the Insei (level 5, -4/40 HPs)
             Began as a Demigod Transmuter on Apr 12, 2019.
             Slain by a spatial maelstrom (11 damage)
             ... on level 2 of the Abyss.
             The game lasted 00:08:59 (5210 turns).

Kairos the Insei (Demigod Transmuter)               Turns: 5210, Time: 00:09:00

Health: -4/40      AC:  4    Str: 21    XL:     5   Next: 68%
Magic:  11/11      EV: 13    Int: 17    God:
Gold:   158        SH:  0    Dex: 16    Spells: 2/8 levels left

rFire    . . .     SeeInvis .     - Unarmed
rCold    . . .     Gourm    .   (no shield)
rNeg     . . .     Faith    .   h - +0 leather armour
rPois    .         Spirit   .   j - +0 helmet
rElec    .         Reflect  .   (no cloak)
rCorr    +         Harm     .   (no gloves)
MR       .....                  (no boots)
Stlth    +.........             (no amulet)
HPRegen  0.13/turn              g - ring of resist corrosion
MPRegen  0.12/turn              n - +6 ring of strength

@: about to teleport
A: high mp 1
a: no special abilities


You were on level 2 of the Abyss.
You were hungry.

You visited 1 branch of the dungeon, and saw 4 of its levels.
You visited the Abyss 1 time.

You collected 158 gold pieces.

Inventory:

Missiles
 a - 43 arrows
Armour
 b - a +0 robe
 h - a +0 leather armour (worn)
 j - a +0 helmet (worn)
Jewellery
 g - a ring of resist corrosion (left hand)
 n - a +6 ring of strength (right hand)
Wands
 e - a wand of clouds (5)
 f - a wand of enslavement (4)
 o - a wand of paralysis (10)
Scrolls
 i - 2 scrolls of remove curse
 l - a scroll of teleportation
 m - a scroll of identify
Potions
 c - a potion of heal wounds {unknown}
 k - a potion of agility {unknown}
Comestibles
 d - 11 rations


   Skills:
 + Level 1.1 Fighting
 + Level 2.2 Armour
 + Level 3.0 Dodging
 + Level 0.3 Stealth
 + Level 4.2 Unarmed Combat
 + Level 2.4 Spellcasting
 + Level 2.1 Transmutations


You had 2 spell levels left.
You knew the following spells:

 Your Spells              Type           Power        Failure   Level  Hunger
a - Beastly Appendage     Tmut           #.....       9%          1    #......
b - Sticks to Snakes      Tmut           #.......     14%         2    ##.....
c - Spider Form           Tmut/Pois      #.........   38%         3    ###....

Your spell library contained the following spells:

 Spells                   Type           Power        Failure   Level  Hunger
 Ice Form                 Ice/Tmut       #.......     80%         4    #####..
 Blade Hands              Tmut           #.........   94%         5    ######.


Dungeon Overview and Level Annotations

Branches:
Dungeon (4/15)             Temple (0/1) D:4


Innate Abilities, Weirdness & Mutations

You have an increased reservoir of magic. (+10% MP)


Message History

Found 21 gold pieces.
You now have 131 gold pieces (gained 21).
A large abomination comes into view.
Found 27 gold pieces.
You now have 158 gold pieces (gained 27).
Found 20 gold pieces.
The spatial maelstrom hits you!
You feel strangely unstable.
You feel the power of the Abyss delaying your translocation!
The spatial maelstrom hits you.
* * * LOW HITPOINT WARNING * * *
You see here 20 gold pieces.
The spatial maelstrom hits you.
* * * LOW HITPOINT WARNING * * *
Space bends around you.
* * * LOW HITPOINT WARNING * * *
The spatial maelstrom closely misses you.
Unknown command.
A spatial vortex comes into view.
The spatial maelstrom hits you!
You die...

.# .# #.
.## . #.#
.. ##v## ..
#...## .#
###.v# .##
##
##@##...#
#.. #...#
.# #
##.##......
.###....#
..... #...
##..# .#..
## #### ###
# .
#####...# #
# #...###
#.#..#.#. #


You could see a spatial maelstrom and a spatial vortex (wandering).

Vanquished Creatures
  An orc wizard (D:3)
  Robin (D:4)
  7 adders
  An adder zombie (D:4)
  An ooze (D:4)
  4 worms
  7 dart slugs
  2 leopard geckos
  6 orcs
  4 giant cockroaches
  11 goblins
  10 hobgoblins
  15 jackals
  2 quokkas
  2 ball pythons (D:2)
  12 bats
  4 frilled lizards
  A jackal skeleton (D:4)
  4 kobolds
  A leopard gecko skeleton (D:4)
  7 rats
103 creatures vanquished.

Vanquished Creatures (collateral kills)
  An iguana (D:4)
  A butterfly (D:4)
2 creatures vanquished.

Vanquished Creatures (others)
  2 starspawn tentacles (Abyss:1)
2 creatures vanquished.

Grand Total: 107 creatures vanquished

Notes
Turn   | Place    | Note
-------+----------+-------------------------------------------
     0 | D:1      | Kairos the Demigod Transmuter began the quest for the Orb.
     0 | D:1      | Reached XP level 1. HP: 15/15 MP: 5/5
   139 | D:1      | Reached skill level 3 in Unarmed Combat
   270 | D:1      | Reached XP level 2. HP: 9/22 MP: 7/7
  1292 | D:2      | Found a hazy altar of Hepliaklqana.
  1293 | D:2      | Found a shimmering altar of Xom.
  1293 | D:2      | Noticed a titan simulacrum
  1294 | D:2      | Noticed a spectral ugly thing
  1294 | D:2      | Noticed a titan simulacrum
  1321 | D:2      | Reached XP level 3. HP: 24/27 MP: 8/8
  1751 | D:2      | You fall through a shaft!
  1751 | D:3      | Found a stormy altar of Qazlal.
  2321 | D:2      | Found a snail-covered altar of Cheibriados.
  2333 | D:2      | Reached XP level 4. HP: 8/34 MP: 8/10
  2703 | D:3      | Reached skill level 1 in Fighting
  2720 | D:3      | Reached skill level 1 in Armour
  3004 | D:3      | HP: 1/35 [orc wizard/+0 dagger (2)]
  3024 | D:3      | Reached skill level 4 in Unarmed Combat
  3024 | D:3      | Reached XP level 5. HP: 6/40 MP: 11/11
  3025 | D:3      | HP: 3/60 [orc/cursed -1 trident (2)]
  3044 | D:3      | HP: 3/60 [orc/cursed -1 trident (4)]
  3539 | D:3      | Found an ornate altar of the Wu Jian Council.
  3813 | D:4      | Learned a level 2 spell: Sticks to Snakes
  4138 | D:4      | Learned a level 3 spell: Spider Form
  4148 | D:4      | Found a staircase to the Ecumenical Temple.
  4657 | D:4      | Noticed Robin
  4675 | D:4      | Killed Robin
  5095 | D:4      | Cast into level 1 of the Abyss (orc wizard)
  5112 | Abyss:1  | Found a stormy altar of Qazlal.
  5126 | Abyss:1  | Noticed a small abomination
  5154 | Abyss:1  | Noticed a tentacled starspawn
  5161 | Abyss:1  | Noticed a starcursed mass
  5183 | Abyss:2  | Noticed a large abomination
  5206 | Abyss:2  | Noticed a spatial maelstrom
  5210 | Abyss:2  | Noticed a spatial vortex
  5210 | Abyss:2  | Slain by a spatial maelstrom

Skill      XL: |  1  2  3  4  5 |
---------------+----------------+-----
Unarmed Combat | 3 4 |  4.2
Spellcasting   | 2 |  2.4
Dodging        | 2 3 |  3.0
Transmutations | 2 |  2.1
Fighting       | 1 |  1.1
Armour         | 1 2 |  2.2
Stealth        | |  0.3

Action                   |  1- 3 |  4- 6 || total
-------------------------+-------+-------++-------
Melee: Unarmed           |   158 |   248 ||   406
       Headbutt          |     4 |       ||     4
       Kick              |     8 |    11 ||    19
       Punch             |     3 |     5 ||     8
 Cast: Beastly Appendage |     9 |    12 ||    21
       Sticks to Snakes  |       |     2 ||     2
Evoke: Wand              |       |     1 ||     1
  Use: Potion            |       |     5 ||     5
       Scroll            |       |     5 ||     5
 Stab: Sleeping          |     2 |     2 ||     4
       Invisible         |       |     1 ||     1
  Eat: Chunk             |     4 |     6 ||    10
       Ration            |       |     1 ||     1
Armor: Robe              |    23 |       ||    23
       Leather armour    |    38 |    52 ||    90
       Skin              |       |    25 ||    25
Dodge: Dodged            |   107 |   176 ||   283
